 Dungeon Crawl Stone Soup version bcrawl-1.21.2-28-g2cb1824106 (webtiles) character file.

Game seed: 10530436143650620028

1396 MisterOstroum the Skirmisher (level 8, -9/65 HPs)
             Began as a Demonspawn Gladiator on Mar 19, 2020.
             Was a Believer of Ru.
             Engulfed by a cloud of freezing vapour (17 damage)
             ... on level 5 of the Dungeon.
             The game lasted 00:08:27 (5160 turns).

MisterOstroum the Skirmisher (Demonspawn Gladiator) Turns: 5160, Time: 00:08:28

Health: -9/65      AC:  7    Str: 18    XL:     8   Next: 41%
Magic:  8/8        EV: 21    Int:  9    God:    Ru [**....]
Gold:   246        SH:  0    Dex: 19    Spells: 7/7 levels left

rFire    . . .     SeeInvis .   a - +1 trident
rCold    . . .     Gourm    +   (no shield)
rNeg     . . .     Faith    .   b - +1 leather armour
rPois    .         Spirit   .   (helmet restricted)
rElec    .         Reflect  .   (no cloak)
rCorr    .         Harm     .   (no gloves)
MR       .....                  (no boots)
Stlth    ++++......             r - amulet of the gourmand (curse)
HPRegen  0.20/turn              (no ring)
MPRegen  0.11/turn              (no ring)

@: agile
A: antennae 1, thin metallic scales 2, nightstalker 2, spiny 1, inability to use
devices
a: Renounce Religion


You were on level 5 of the Dungeon.
You worshipped Ru.
Ru was pleased with you.
You were completely stuffed.

You visited 1 branch of the dungeon, and saw 5 of its levels.

You collected 246 gold pieces.

Inventory:

Hand Weapons
 a - a +1 trident (weapon)
 q - a +0 war axe
 t - a +0 hunting sling
 B - a cursed -1 rapier
 E - a +2 spear of flaming
 F - a +0 shortbow
Missiles
 d - 2 throwing nets (quivered) {!f!f}
 g - 372 sling bullets
 k - 102 bolts
 p - 552 stones
 x - 57 tomahawks
 A - 341 arrows
Armour
 b - a +1 leather armour (worn)
 c - a +0 helmet
Jewellery
 r - a cursed amulet of the gourmand (around neck)
Scrolls
 f - 2 scrolls of amnesia
 h - 2 scrolls of fear {!r}
 i - a scroll of magic mapping {unknown}
 l - 3 scrolls of enchant weapon
 m - a scroll of enchant armour
 s - a scroll of teleportation {@r3 !r}
 y - a scroll of remove curse {unknown}
 C - a scroll of noise {unknown}
Potions
 j - 2 potions of heal wounds {unknown}
 n - 2 potions of degeneration {unknown}
 o - 2 potions of agility
 u - a potion of curing {unknown}
 v - a potion of might {unknown}
 z - 2 potions of brilliance {unknown}
Miscellaneous
 w - a phantom mirror
Comestibles
 e - 7 rations {!d}


   Skills:
 + Level 6.7 Fighting
 - Level 6.0 Polearms
 - Level 1.7 Throwing
 + Level 5.8 Dodging


You had 7 spell levels left.
You didn't know any spells.
Your spell library was empty.

Dungeon Overview and Level Annotations

Branches:
Dungeon (5/12)
 Temple: D:4-7

Altars:
Cheibriados
Dithmenos
Kikubaaqudgha
Okawaru
Qazlal
Ru
Yredelemnul

Annotations:
D:4 Pikel
D:5 1 exclusion, Blork the orc


Innate Abilities, Weirdness & Mutations

You have a pair of small antennae on your head.
You are mostly covered in thin metallic scales. (AC +3)
You are significantly more attuned to the shadows.
You are partially covered in sharp spines.
You cannot study or use magical devices.


Message History

You closely miss the centaur.
The centaur is severely wounded.
The centaur closely misses you. The centaur is struck by your spines.
The centaur misses you.
You hit the centaur but do no damage.
The centaur is severely wounded.
The centaur hits you but does no damage.
You hit the centaur but do no damage.
The centaur is severely wounded.
The centaur hits you.
The centaur is stunned by your will and fails to attack.
You closely miss the centaur.
The centaur is severely wounded.
The centaur hits you but does no damage.
You hit the centaur but do no damage.
The centaur is severely wounded.
The centaur hits you. The centaur is struck by your spines.
The centaur misses you.
You hit the centaur.
The centaur is almost dead.
The centaur is struck by your spines.
The centaur hits you but does no damage.
You puncture the centaur!
You kill the centaur!
No target in view!
You open the door.
A phantom comes into view.
Found a shadowy altar of Dithmenos.
There is an open door here.
Attack whom?
Press: ? - help, Dir - move target cursor, f - phantom
Aim: a phantom (resting)
You reach to attack!
The helpless phantom fails to defend itself.
You hit the phantom.
The phantom is lightly damaged.
You puncture the phantom!
The phantom is moderately damaged.
The phantom hits you.
You puncture the phantom!
The phantom is severely damaged.
The phantom is struck by your spines.
The phantom hits you but does no damage.
You barely miss the phantom.
The phantom is severely damaged.
The phantom hits you.
The phantom blinks!
You puncture the phantom!
You destroy the phantom!
You feel your dexterity returning.
No target in view!
No target in view!
No target in view!
A - 341 arrows (gained 181)
Things that are here:
a +0 shortbow; a centaur corpse You butcher the centaur corpse.
D - 6 chunks of flesh
Things that are here:
a +0 shortbow; a centaur skeleton You see here a runed spear.
E - a runed spear
Things that are here:
a +0 shortbow; a centaur skeleton
F - a +0 shortbow
There is an open door here.
You close the door.
Eating one of 6 chunks of flesh.
You eat one of the 6 chunks of flesh.
This raw flesh tastes great.
Eating one of 5 chunks of flesh.
You eat one of the 5 chunks of flesh.
This raw flesh tastes great.
Eating one of 4 chunks of flesh.
You eat one of the 4 chunks of flesh.
This raw flesh tastes great.
Eating one of 3 chunks of flesh.
You eat one of the 3 chunks of flesh.
This raw flesh tastes great.
Eating one of 2 chunks of flesh.
You eat one of the 2 chunks of flesh.
This raw flesh tastes great.
Eating a chunk of flesh.
You eat the chunk of flesh.
This raw flesh tastes great.
You open the door.
There is an open door here.
You now have 246 gold pieces (gained 17).
e - 7 rations {!d} (gained 1)
Found a falchion and a crooked copper wand.
As you open the door, it creaks loudly!
Found 29 curare-tipped needles.
There is an open door here.
Found a stone staircase leading up.
You are engulfed in freezing vapours.
You are engulfed in freezing vapours.
Found 12 gold pieces.
You are engulfed in freezing vapours.
* * * LOW HITPOINT WARNING * * *
You are engulfed in freezing vapours.
* * * LOW HITPOINT WARNING * * *
Okay, then.
Unknown command.
It was a potion of agility.
You feel agile all of a sudden.
You are engulfed in freezing vapours.
You die...

#.# #.# #.. #..<..$.
#.# #######.a..... #
#.# ##############
###.# ##%($/)°°°°°°○°
○○#.# ###############
#○#.# ##..°°°@°°°°°○°
..#.. ###'##########
###.# ###.####.#.##.
...... #.#
#...##.......###. #.#
##..##...........
#.#####...##..##.##...
#.......#......#.##...
####..................
##...##.......#..>..


You could see a worker ant.

Vanquished Creatures
  2 sky beasts (D:4)
  A phantom (D:5)
  2 ogres
  A centaur (D:5)
  A bullfrog (D:5)
  6 crimson imps
  A bullfrog zombie (D:5)
  A bullfrog skeleton (D:4)
  2 hounds (D:4)
  A jelly (D:3)
  3 orc wizards
  3 iguanas
  2 worker ants (D:4)
  A killer bee zombie (D:3)
  A hound skeleton (D:4)
  9 adders
  4 oozes
  A worm (D:2)
  3 dart slugs
  4 leopard geckos
  14 orcs
  A bat zombie (D:3)
  5 giant cockroaches
  7 hobgoblins
  3 jackals
  5 quokkas
  7 bats
  4 frilled lizards
  3 goblins
  14 kobolds
  6 rats
  4 rat zombies (D:3)
122 creatures vanquished.

Notes
Turn   | Place    | Note
-------+----------+-------------------------------------------
     0 | D:1      | MisterOstroum the Demonspawn Gladiator began the quest for
                  | the Orb.
     0 | D:1      | Reached XP level 1. HP: 16/16 MP: 1/1
   335 | D:1      | Gained mutation: You are partially covered in thin metallic
                  | scales. (AC +2) [demonic ancestry]
   335 | D:1      | Reached XP level 2. HP: 20/22 MP: 2/2
   695 | D:2      | Found a sacrificial altar of Ru.
   712 | D:2      | Became a worshipper of Ru the Awakened
  1046 | D:2      | Reached XP level 3. HP: 27/28 MP: 3/3
  1370 | D:2      | Noticed an ogre
  1374 | D:2      | Gained mutation: You are slightly more attuned to the
                  | shadows. [demonic ancestry]
  1374 | D:2      | Reached XP level 4. HP: 35/35 MP: 4/4
  1524 | D:2      | Killed an ogre
  1524 | D:2      | Gained mutation: You are mostly covered in thin metallic
                  | scales. (AC +3) [demonic ancestry]
  1524 | D:2      | Reached XP level 5. HP: 42/42 MP: 5/5
  2242 | D:3      | Found a snail-covered altar of Cheibriados.
  2261 | D:3      | Gained mutation: You are significantly more attuned to the
                  | shadows. [demonic ancestry]
  2261 | D:3      | Reached XP level 6. HP: 20/48 MP: 6/6
  2509 | D:3      | Found an ancient bone altar of Kikubaaqudgha.
  3503 | D:4      | Found a basalt altar of Yredelemnul.
  3941 | D:4      | Reached skill level 5 in Fighting
  3941 | D:4      | Reached skill level 5 in Polearms
  3951 | D:4      | Gained mutation: You are partially covered in sharp spines.
                  | [demonic ancestry]
  3951 | D:4      | Reached XP level 7. HP: 44/56 MP: 7/7
  4186 | D:4      | Found a stormy altar of Qazlal.
  4380 | D:4      | Noticed Pikel
  4496 | D:4      | Found an iron altar of Okawaru.
  4592 | D:5      | Entered Level 5 of the Dungeon
  4689 | D:5      | Reached skill level 5 in Dodging
  4689 | D:5      | Gained mutation: You have a pair of small antennae on your
                  | head. [demonic ancestry]
  4689 | D:5      | Reached XP level 8. HP: 62/64 MP: 8/8
  4690 | D:5      | Gained mutation: You cannot study or use magical devices.
                  | [Ru sacrifice]
  4690 | D:5      | Reached * piety under Ru
  4690 | D:5      | Reached ** piety under Ru
  4897 | D:5      | Noticed Blork the orc
  5031 | D:5      | Found a shadowy altar of Dithmenos.
  5160 | D:5      | Engulfed by a cloud of freezing vapour

Skill      XL: |  1  2  3  4  5  6  7  8 |
---------------+-------------------------+-----
Polearms       | 3 4 5 6 |  6.0
Dodging        | 3 4 5 |  5.8
Fighting       | 3 4 5 6 |  6.7
Throwing       | |  1.7

Action                   |  1- 3 |  4- 6 |  7- 9 || total
-------------------------+-------+-------+-------++-------
Melee: Trident           |   133 |   274 |   107 ||   514
Throw: Throwing net      |       |     3 |       ||     3
Invok: Sacrifice Artific |       |       |     1 ||     1
  Use: Scroll            |       |     2 |     3 ||     5
       Potion            |       |       |     1 ||     1
 Stab: Sleeping          |     4 |    12 |     7 ||    23
       Distracted        |       |     1 |       ||     1
       Held in net/web   |       |     2 |       ||     2
  Eat: Chunk             |     2 |     8 |    17 ||    27
Armor: Leather armour    |    43 |    53 |    18 ||   114
Dodge: Dodged            |   100 |   163 |    48 ||   311
